 Dungeon Crawl Stone Soup version 0.28.0-1-gb440e238dd (webtiles) character file.

Game seed: 13713663468430769597

42483 JuozasPetrasionis the Warrior (level 13, -1/145 HPs)
             Began as a Minotaur Fighter on Feb 21, 2022.
             Was a Follower of Yredelemnul.
             Slain by a dream sheep (16 damage)
             ... led by a torpor snail
             ... on level 6 of the Lair of Beasts on Feb 22, 2022.
             The game lasted 02:26:19 (21996 turns).

JuozasPetrasionis the Warrior (Minotaur Fighter)   Turns: 21996, Time: 02:26:19

Health: -1/145     AC: 27    Str: 28    XL:     13   Next: 85%
Magic:  21/21      EV:  2    Int:  8    God:    Yredelemnul [*.....]
Gold:   883        SH:  0    Dex: 11    Spells: 12/12 levels left

rFire   + . .      SeeInvis +   p - +3 great sword (freeze)
rCold   . . .      Faith    .   (shield currently unavailable)
rNeg    . . .      Spirit   .   H - +7 chain mail of Neebuxok {Will- Str+7}
rPois   .          Reflect  +   O - +1 hat {Int+3}
rElec   .          Harm     .   N - +0 cloak
rCorr   .          Rampage  .   Q - +2 pair of gloves
Will    .....                   j - +0 pair of boots
Stlth   ..........              x - amulet of reflection
HPRegen 0.34/turn               e - ring of see invisible
MPRegen 0.17/turn               B - ring of protection from fire

@: sleeping
A: horns 2, retaliatory headbutt, clumsy 1, robust 1, weak 1
a: Renounce Religion, Recall Undead Harvest


You were on level 6 of the Lair of Beasts.
You worshipped Yredelemnul.
Yredelemnul was pleased with you.
You visited 4 branches of the dungeon, and saw 20 of its levels.
You visited the Abyss 1 time.

You collected 883 gold pieces.

Inventory:

Hand Weapons
 p - a +3 great sword of freezing (weapon)
 y - a +4 falchion of freezing
Missiles
 A - 3 throwing nets (quivered)
Armour
 j - a +0 pair of boots (worn)
 H - the +7 chain mail of Neebuxok (worn) {Will- Str+7}
   (You took it off an orc warrior on level 9 of the Dungeon)

   Str:       It affects your strength (+7).
   Will:      It decreases your willpower.
 N - a +0 cloak (worn)
 O - a +1 hat of intelligence (worn)
 Q - a +2 pair of gloves (worn)
Jewellery
 e - a ring of see invisible (left hand)
 i - an amulet of the acrobat
 x - an amulet of reflection (around neck)
 B - a ring of protection from fire (right hand)
Wands
 d - a wand of acid (2)
 v - a wand of iceblast (13)
 w - a wand of flame (35)
 M - a wand of polymorph (2)
Scrolls
 b - 2 scrolls of fear
 c - 2 scrolls of magic mapping
 g - a scroll of brand weapon
 h - 5 scrolls of teleportation
 k - 2 scrolls of blinking
 o - 2 scrolls of amnesia
 s - 3 scrolls of summoning
 t - a scroll of noise {unknown}
 D - 2 scrolls of torment
 E - 2 scrolls of fog
 G - a scroll of vulnerability
 L - 2 scrolls of enchant armour {unknown}
Potions
 a - 2 potions of curing
 f - 2 potions of flight
 m - 2 potions of magic
 q - a potion of ambrosia {unknown}
 r - 2 potions of cancellation
 u - a potion of berserk rage {unknown}
 z - 5 potions of degeneration
 C - 6 potions of brilliance
 F - 2 potions of haste {unknown}
 I - a potion of lignification {unknown}
 J - a potion of attraction {unknown}
 K - a potion of resistance {unknown}


   Skills:
 * Level 17.2 Fighting
 + Level 12.4 Long Blades
 + Level 12.8 Armour
 - Level 7.9 Shields
 * Level 12.2 Invocations


You had 12 spell levels left.
You didn't know any spells.
Your spell library contained the following spells:

 Spells                   Type           Power      Damage    Failure   Level
 Freeze                   Ice            0%         1d3       86%         1
 Magic Dart               Conj           0%         1d3       86%         1
 Blink                    Tloc           0%         N/A       94%         2
 Call Imp                 Summ           0%         N/A       94%         2
 Frozen Ramparts          Ice            0%         1d2       99%         3
 Ignite Poison            Fire/Tmut/Pois 0%         N/A       99%         3
 Lesser Beckoning         Tloc           0%         N/A       99%         3
 Mephitic Cloud           Conj/Pois/Air  0%         N/A       99%         3
 Portal Projectile        Hex/Tloc       0%         N/A       99%         3
 Hailstorm                Conj/Ice       0%         3d3       100%        4
 Blade Hands              Tmut           0%         N/A       100%        5
 Excruciating Wounds      Necr           0%         N/A       100%        5
 Freezing Cloud           Conj/Ice/Air   0%         6-21      100%        5
 Manifold Assault         Tloc           0%         N/A       100%        5
 Dispersal                Tloc           0%         N/A       100%        6
 Disjunction              Tloc           0%         N/A       100%        8


Dungeon Overview and Level Annotations

Branches:
Dungeon (12/15)            Temple (1/1) D:7            Lair (6/6) D:9
 Shoals (0/4) Lair:3       Spider (1/4) Lair:3        Slime (0/5) Lair:6
    Orc: D:9-12

Altars:
Ashenzari
Cheibriados
Dithmenos
Elyvilon
Fedhas
Gozag
Hepliaklqana
Kikubaaqudgha
Makhleb
Nemelex Xobeh
Okawaru
Qazlal
Ru
Sif Muna
Trog
Uskayaw
Vehumet
Wu Jian
Xom
Yredelemnul
Zin
The Shining One

Portals:
Ice
Cave: Lair:5

Annotations:
D:12 exclusion: orange crystal statue


Innate Abilities, Weirdness & Mutations

You have a pair of horns on your head.
You reflexively headbutt those who attack you in melee.
You are clumsy. (Dex -2)
You are robust. (+10% HP)
You are weak. (Str -2)


Message History

You headbutt the dream sheep. The torpor snail bites you!
* * * LOW HITPOINT WARNING * * *
The dream sheep misses you.
Your dream sheep zombie bites the dream sheep but does no damage.
Your dream sheep zombie closely misses the dream sheep.
You feel better.
The dream sheep bites you but does no damage. x3
The torpor snail bites you but does no damage.
Your dream sheep zombie barely misses the dream sheep.
The dream sheep bites you but does no damage. x2
You cut the dream sheep into ribbons!!! You freeze the dream sheep.
You kill the dream sheep!
The dream sheep bites you but does no damage.
The torpor snail barely misses you. The dream sheep bites you.
* * * LOW HITPOINT WARNING * * *
You swap places.
The dream sheep bites your dream sheep zombie! x2
Your dream sheep zombie bites the dream sheep.
The dream sheep shake their wool and sparkle.
You feel drowsy...
You fall asleep.
The torpor snail bites your dream sheep zombie.
The dream sheep bites your dream sheep zombie. x2
Your dream sheep zombie misses the dream sheep.
The torpor snail bites your dream sheep zombie.
The dream sheep barely misses your dream sheep zombie.
The dream sheep bites your dream sheep zombie!
The dream sheep bites your dream sheep zombie.
The dream sheep closely misses your dream sheep zombie.
The torpor snail bites your dream sheep zombie!
Your dream sheep zombie bites the dream sheep.
The dream sheep bites your dream sheep zombie! x2
The torpor snail bites your dream sheep zombie!!
Your dream sheep zombie is destroyed!
You can no longer trade souls for undead servants.
The dream sheep bites you but does no damage.
You feel yourself speed up.
Your dream sheep zombie is no longer moving slowly.
The dream sheep bites you!
You die...
Your body rises from the dead as a mindless zombie.

,,,,,,,***,,,,** ***
,,,,,,,**....P.###.##
,,,,,,,,,,....^Y.,..##
,,,,,,,,*##...#.#*...*
,,,,*,,*##.#....#*..###
,***,,,*#..#...Y#*....#
,* *,,,,#.#...Y.##...##
****,..##.....Y##.....#
,,***#......>.YY@Z..##*
,,* *....##....###...#
,,* *.,.#.......#,..P#
,,***,,#....##..#*..##
,,,,,,,#..#.###.##..#
*,,,,*,###.#..#.....##
,,,,,,,,.............#
**,,,,,,...#.........#
**,,,.....,##.......##


You could see 3 dream sheep and a friendly dream sheep zombie.

Vanquished Creatures
  A ghost moth (Spider:1)
  Erolcha (D:10)
  3 hydras
  A radroach (Lair:3)
  2 death yaks (Lair:5)
  A fire crab (Lair:5)
  A wizard (D:10)
  A wolf spider (Lair:3)
  2 black mambas
  3 demonic crawlers
  8 cane toads
  A kobold demonologist (D:12)
  A rime drake (Lair:3)
  6 komodo dragons
  A troll (D:9)
  A meliai (Lair:3)
  2 polar bears
  A hornet (D:8)
  3 tarantellas (Lair:3)
  12 blink frogs
  A snapping turtle (Lair:3)
  9 dream sheep
  4 jumping spiders
  A shadow (D:10)
  2 culicivoras (Lair:3)
  A wraith (D:10)
  2 fire bats (Lair:4)
  28 yaks
  4 wyverns
  3 steam dragons
  5 redbacks
  2 vampire mosquitoes (D:8)
  A basilisk (Lair:3)
  11 water moccasins
  An acid dragon (D:10)
  An ice beast (D:8)
  An orc warrior (D:7)
  2 sky beasts
  A necrophage (D:4)
  2 black bears
  4 ogres
  6 wolves (Lair:3)
  4 centaurs
  3 phantoms
  3 kobold brigands
  A wyvern zombie (D:9)
  A gnoll sergeant (D:10)
  10 bullfrogs
  A scorpion (D:9)
  A water moccasin skeleton (D:6)
  10 killer bees
  2 howler monkeys
  8 wights
  An electric eel (Lair:2)
  2 bullfrog zombies (D:7)
  A centaur skeleton (D:5)
  A gnoll shaman (D:6)
  An orc priest (D:5)
  A hound (D:3)
  10 jellies (Lair:6)
  Terence (D:2)
  2 iguanas (D:5)
  A scorpion zombie (D:5)
  2 orc wizards
  4 howler monkey zombies
  8 gnolls
  7 adders
  A river rat (D:4)
  A shadow imp (D:6)
  An ufetubus (D:5)
  4 worms
  A dart slug (D:1)
  15 orcs
  10 ball pythons
  5 endoplasms
  14 giant cockroaches
  6 hobgoblins
  4 jackals (D:1)
  3 quokkas
  4 bats (D:2)
  5 frilled lizards
  13 goblins
  23 kobolds
  An orc zombie (D:8)
  4 rats
345 creatures vanquished.

Vanquished Creatures (collateral kills)
  Gastronok (Lair:2)
  A hydra (Lair:1)
  3 death yaks (Lair:5)
  Sonja (Lair:5)
  A wolf spider (Lair:3)
  A torpor snail (Lair:3)
  3 rime drakes
  A komodo dragon (Lair:5)
  12 blink frogs
  A hornet (D:9)
  A dream sheep (Lair:5)
  2 jumping spiders (Lair:3)
  8 yaks
  3 water moccasins
  An orc warrior (D:9)
  A black bear (D:8)
  3 wolves (Lair:3)
  A centaur (D:9)
  A kobold brigand (D:10)
  4 bullfrogs
  A scorpion (D:9)
  A killer bee (D:8)
  2 jellies (Lair:6)
  5 orcs
  5 kobolds (D:10)
  2 bushes (Lair:1)
66 creatures vanquished.

Vanquished Creatures (others)
  A redback zombie (Lair:3)
  A meliai zombie (Lair:3)
  A black mamba zombie (Lair:5)
  A spectral fire bat (Lair:4)
  A human zombie (D:10)
  A cane toad zombie (Lair:1)
  2 blink frog zombies
  2 dream sheep zombies
  A komodo dragon zombie (Lair:5)
  A wyvern zombie (D:9)
  A water moccasin zombie (Lair:5)
  4 yak zombies
  2 wolf zombies (Lair:3)
  4 bullfrog zombies
  A centaur zombie (D:9)
  5 killer bee zombies
  5 spectral jellies (Lair:6)
  A steam dragon zombie (D:8)
  3 kobold zombies
  3 orc zombies (D:9)
  A spectral endoplasm (Lair:6)
  98 fungi
  127 plants
267 creatures vanquished.

Grand Total: 678 creatures vanquished

Notes
Turn   | Place    | Note
-------+----------+-------------------------------------------
     0 | D:1      | JuozasPetrasionis the Minotaur Fighter began the quest for
                  | the Orb.
     0 | D:1      | Reached XP level 1. HP: 19/19 MP: 0/0
   491 | D:1      | Reached XP level 2. HP: 22/27 MP: 1/1
  1098 | D:1      | Reached skill level 4 in Fighting
  1463 | D:2      | Reached XP level 3. HP: 31/33 MP: 2/2
  1572 | D:2      | Noticed Terence
  1589 | D:2      | Killed Terence
  1859 | D:2      | Reached XP level 4. HP: 35/41 MP: 3/3
  2463 | D:4      | Found a sand-covered staircase.
  2487 | D:3      | Reached skill level 5 in Fighting
  2636 | D:3      | Gained mutation: You are robust. (+10% HP) [potion of
                  | mutation]
  2636 | D:3      | Gained mutation: You have hidden genetic potential. [potion
                  | of mutation]
  2636 | D:3      | Gained mutation: You are resistant to electric shocks.
                  | (rElec) [potion of mutation]
  2750 | D:3      | Reached XP level 5. HP: 47/52 MP: 4/4
  3367 | D:3      | Found a faded altar of an unknown god.
  3669 | D:4      | Noticed an ogre
  3678 | D:4      | Killed an ogre
  3679 | D:4      | Reached skill level 5 in Armour
  3679 | D:4      | Reached XP level 6. HP: 62/62 MP: 5/5
  3682 | D:4      | Gained mutation: Your flesh is heat resistant. (rF+)
                  | [hidden potential]
  3836 | D:5      | Entered Level 5 of the Dungeon
  3992 | D:5      | Reached skill level 6 in Fighting
  3992 | D:5      | Reached skill level 5 in Shields
  4234 | D:5      | Noticed a water moccasin
  4254 | D:4      | Killed a water moccasin
  4255 | D:4      | Reached XP level 7. HP: 64/70 MP: 6/6
  4258 | D:4      | Gained mutation: You expend magic power (3 MP) to
                  | strengthen your wands. [hidden potential]
  4258 | D:4      | Lost mutation: You have hidden genetic potential. [hidden
                  | potential expressed]
  4428 | D:4      | Found a shimmering altar of Xom.
  4428 | D:4      | Found a sparkling altar of Nemelex Xobeh.
  4679 | D:4      | Reached skill level 7 in Fighting
  4679 | D:4      | Reached skill level 5 in Long Blades
  4825 | D:5      | Found a radiant altar of Vehumet.
  5188 | D:5      | Reached XP level 8. HP: 80/81 MP: 7/7
  5254 | D:5      | Reached skill level 8 in Fighting
  6110 | D:6      | Reached skill level 9 in Fighting
  6474 | D:6      | Reached XP level 9. HP: 87/92 MP: 8/8
  7016 | D:7      | Reached skill level 10 in Fighting
  7389 | D:7      | Found a staircase to the Ecumenical Temple.
  7402 | Temple   | Entered the Ecumenical Temple
  7678 | Temple   | Became a worshipper of Yredelemnul the Dark
  7734 | D:7      | Reached skill level 1 in Invocations
  8824 | D:8      | Reached * piety under Yredelemnul
  8856 | D:8      | Reached skill level 11 in Fighting
  8856 | D:8      | Reached ** piety under Yredelemnul
  9075 | D:8      | Reached XP level 10. HP: 88/105 MP: 11/11
  9906 | D:8      | Found a white marble altar of Elyvilon.
 11205 | D:9      | Identified the +7 chain mail of Neebuxok {Will- Str+7}
 11218 | D:9      | Reached skill level 5 in Invocations
 11235 | D:9      | Reached skill level 12 in Fighting
 11348 | D:9      | Found a staircase to the Lair.
 11483 | D:9      | Reached *** piety under Yredelemnul
 11487 | D:9      | Reached **** piety under Yredelemnul
 11489 | D:9      | Reached ***** piety under Yredelemnul
 11632 | D:9      | You fall into a shaft and drop 3 floors!
 11632 | D:12     | Found a runed translucent door.
 11634 | D:12     | Noticed an orange crystal statue
 11661 | D:12     | Noticed a sixfirhy
 11723 | D:10     | Entered Level 10 of the Dungeon
 11730 | D:10     | Noticed Erolcha
 11762 | D:10     | Killed Erolcha
 11763 | D:10     | Reached XP level 11. HP: 100/116 MP: 14/14
 12264 | D:10     | Reached skill level 13 in Fighting
 12505 | D:10     | Reached skill level 10 in Armour
 12553 | D:10     | Noticed a wizard
 12555 | D:10     | Cast into level 2 of the Abyss (a wizard)
 12606 | D:10     | Escaped the Abyss
 12613 | D:10     | Killed a wizard
 12856 | D:10     | Lost mutation: Your flesh is heat resistant. (rF+) [potion
                  | of mutation]
 12856 | D:10     | Lost mutation: You are resistant to electric shocks.
                  | (rElec) [potion of mutation]
 12856 | D:10     | Lost mutation: You expend magic power (3 MP) to strengthen
                  | your wands. [potion of mutation]
 12856 | D:10     | Gained mutation: You are weak. (Str -2) [potion of
                  | mutation]
 12856 | D:10     | Gained mutation: You are clumsy. (Dex -2) [potion of
                  | mutation]
 14339 | Lair:1   | Entered Level 1 of the Lair of Beasts
 14609 | Lair:1   | Noticed a five-headed hydra
 14622 | Lair:1   | Killed a nine-headed hydra
 14933 | Lair:1   | Reached skill level 10 in Long Blades
 15265 | Lair:1   | Reached skill level 14 in Fighting
 15855 | Lair:2   | Found a glowing golden altar of the Shining One.
 16416 | Lair:2   | Reached XP level 12. HP: 129/129 MP: 17/17
 16573 | Lair:2   | Noticed Gastronok
 16589 | Lair:2   | Killed Gastronok
 17353 | Lair:3   | Reached skill level 15 in Fighting
 17574 | Lair:3   | Found a staircase to the Shoals.
 17696 | Lair:3   | Found a hole to the Spider Nest.
 17787 | Lair:3   | Reached skill level 10 in Invocations
 17791 | Spider:1 | Entered Level 1 of the Spider Nest
 17792 | Spider:1 | Noticed a ghost moth
 18643 | Spider:1 | Killed a ghost moth
 18690 | Spider:1 | Noticed a radroach
 18976 | Lair:3   | Killed a radroach
 18977 | Lair:3   | Reached XP level 13. HP: 82/140 MP: 18/20
 18984 | Lair:3   | Reached skill level 16 in Fighting
 21380 | Lair:5   | Reached ****** piety under Yredelemnul
 21397 | Lair:5   | Noticed Sonja
 21401 | Lair:5   | Killed Sonja
 21619 | Lair:5   | Found a frozen archway.
 21651 | Lair:5   | Reached skill level 17 in Fighting
 21786 | Lair:6   | Entered Level 6 of the Lair of Beasts
 21929 | Lair:6   | Found a staircase to the Slime Pits.
 21985 | Lair:6   | HP: 6/145 [dream sheep (5)]
 21996 | Lair:6   | Slain by a dream sheep

Illustrated notes

Levels and vault maps discovered:
D:1:      dpeg_arrival_renting, layout_basic, minmay_misc_feat_secret_circle,
          kennysheep_flooded_box
D:2:      minmay_roachtagon, layout_rooms, minmay_between, uniq_terence
D:3:      layout_basic, nicolae_ecumenical_snake_handling
D:4:      kennysheep_the_goblin_king, layout_loops_ring,
          gammafunk_temple_overflow_pools, nicolae_ossuary_entry_ruins,
          gup_sewer_entry_bowl, minivault_4
D:5:      layout_cave_pools, kennysheep_mini_moat
D:6:      layout_rooms
D:7:      layout_gridville, minmay_temple_entry_junction_2, serial_bayou_pond_d
D:8:      layout_basic, mainiacjoe_overflow_brackets, grunt_decor_junction
D:9:      layout_small_grid, due_lair_maze_entry_diamond, enter_bailey_3
D:10:     layout_cave_pods, uniq_erolcha
D:11:     layout_basic, uniq_grum
D:12:     layout_roguey, hiddenorc1_lemuel, serial_shops, kennysheep_little_box,
          minmay_statue_crystal_thing
Temple:   hc_temple_tempest_star
Lair:1:   layout_loops_ring
Lair:2:   layout_gridlike, basic_altar, lemuel_fruit_tree, uniq_gastronok
Lair:3:   layout_loops_ring, minmay_shoals_entry_hut,
          nicolae_spider_entry_tight_spaces, nicolae_volcano_entry_two_sided,
          chequers_serial_rivers_marsh, nicolae_lair_run_with_the_wolves
Lair:4:   layout_gridlike
Lair:5:   layout_big_grid, portal_ice_cave_entry_pillars_1, uniq_sonja
Lair:6:   hangedman_lair_in_review, layout_cave_pods,
          minmay_slime_entry_jelly_boxes, gammafunk_ghost_cemetery,
          chequers_serial_rivers_room_a, nicolae_quartered_pool_super,
          minivault_19, st_stairs_12, uniq_josephine
Spider:1: nicolae_spider_mines_2

Skill      XL: |  1  2  3  4  5  6  7  8  9 10 11 12 13 |
---------------+----------------------------------------+-----
Armour         | 4 5 6 7 8 9 10 11 12 | 12.8
Shields        | 4 5 6 7 |  7.9
Fighting       | 4 5 6 7 9 11 12 14 15 17 | 17.2
Long Blades    | 3 4 5 6 7 9 10 11 12 | 12.4
Invocations    | 3 6 8 10 12 | 12.2

Action                   |  1- 3 |  4- 6 |  7- 9 | 10-12 | 13-15 || total
-------------------------+-------+-------+-------+-------+-------++-------
Melee: Long sword        |    81 |   125 |       |       |       ||   206
       Headbutt          |     9 |    15 |    61 |    74 |    32 ||   191
       Falchion          |       |    14 |   259 |       |       ||   273
       Great sword       |       |       |    44 |   378 |   153 ||   575
Invok: Dark Bargain      |       |       |       |     3 |     1 ||     4
Evoke: Wand              |       |     3 |       |       |       ||     3
  Use: Scroll            |     3 |     2 |     2 |     9 |     2 ||    18
       Potion            |     1 |     1 |     4 |     5 |     6 ||    17
 Stab: Distracted        |       |       |       |     1 |     3 ||     4
Armor: Scale mail        |    11 |       |       |       |       ||    11
       Chain mail        |    16 |    88 |    97 |   249 |   202 ||   652
       Plate armour      |       |       |    22 |    37 |       ||    59
Dodge: Dodged            |    22 |    41 |    83 |   186 |   117 ||   449
Block: Buckler           |    17 |    25 |    76 |       |       ||   118
       Other             |       |       |    20 |   126 |    59 ||   205
       Reflection        |       |       |     2 |     2 |       ||     4
